 Dungeon Crawl Stone Soup version 0.22-a0-322-g60b3cfd402 (webtiles) character file.

4 Oravi the Insei (level 1, -2/15 HPs)
             Began as a Merfolk Transmuter on Apr 2, 2018.
             Slain by a kobold
             ... wielding a +0 whip
              (5 damage)
             ... on level 1 of the Dungeon.
             The game lasted 00:00:49 (102 turns).

Oravi the Insei (Merfolk Transmuter)                 Turns: 102, Time: 00:00:50

Health: -2/15      AC:  2    Str: 10    XL:     1   Next: 70%
Magic:  2/3        EV: 13    Int: 12    God:
Gold:   22         SH:  0    Dex: 14    Spells: 3/4 levels left

rFire    . . .     SeeInvis .     - Unarmed
rCold    . . .     Gourm    .   (no shield)
rNeg     . . .     Faith    .   b - +0 robe
rPois    .         Spirit   .   (no helmet)
rElec    .         Reflect  .   (no cloak)
rCorr    .         Harm     .   (no gloves)
MR       .....                  (no boots)
Stlth    +.........             (no amulet)
HPRegen  0.05/turn              (no ring)
MPRegen  0.08/turn              (no ring)

@: appendage (expiring)
A: change form in water, swift swim, stealthy swim, horns 2
a: End Transformation


You were on level 1 of the Dungeon.
You were not hungry.
You had grown temporary horns.
You visited 1 branch of the dungeon, and saw 1 of its levels.

You collected 22 gold pieces.

Inventory:

Missiles
 a - 12 arrows
Armour
 b - a +0 robe (worn)
Scrolls
 c - a scroll of enchant weapon {unknown}
 e - a scroll of identify {unknown}
Potions
 f - a potion of brilliance {unknown}
 g - a potion of flight {unknown}
Comestibles
 d - a ration


   Skills:
 - Level 1.1 Fighting
 + Level 2.9 Dodging
 - Level 3.2 Unarmed Combat
 - Level 2.0 Spellcasting
 * Level 3.1 Transmutations


You had 3 spell levels left.
You knew the following spells:

 Your Spells              Type           Power        Failure   Level  Hunger
a - Beastly Appendage     Tmut           #.....       8%          1    ##.....


Dungeon Overview and Level Annotations

Branches:
Dungeon (1/15)

Altars:


Innate Abilities, Weirdness & Mutations

You revert to your normal form in water.
You are very nimble and swift while swimming.
You are very stealthy in the water. (Stealth+)
You have a pair of horns on your head.


Message History

The bat completely misses you. The bat hits you but does no damage.
You closely miss the bat.
Your horns disappear.
The bat closely misses you. x2
You closely miss the bat. The bat closely misses you. The bat hits you.
Casting: Beastly Appendage (safe; 8% risk of failure)
Confirm with . or Enter, or press ? or * to list all spells.
You grow a pair of large bovine horns.
The bat hits you but does no damage. The bat barely misses you.
The bat completely misses you. The kobold closely misses you.
You closely miss the kobold. The bat misses you. The bat closely misses you.
The kobold hits you with a whip. The bat misses you.
You barely miss the kobold.
Your transformation is almost over.
The kobold hits you with a whip.
* * * LOW HITPOINT WARNING * * *
You barely miss the kobold. Your headbutt misses the kobold.
The kobold hits you with a whip.
You die...

#........ ..... ...
#........ #........
#. #..#..... #.
..#####........ ###..
.$.....b.....# ....
..# #K# #.. ... #.#
#@# #.# #.###.# ##.#
#.# #....# #).# #.#
##.#.###..###### #.#
#)......(...... #.#
#...###..#####.####
##.# #...# #..# .....
##.# #...#
#..#####..## ...#
####...###..........#


You could see a bat and a kobold.

Vanquished Creatures
  A hobgoblin (D:1)
  A kobold (D:1)
  A frilled lizard (D:1)
  2 goblins (D:1)
5 creatures vanquished.

Notes
Turn   | Place    | Note
-------+----------+-------------------------------------------
     0 | D:1      | Oravi the Merfolk Transmuter began the quest for the Orb.
     0 | D:1      | Reached XP level 1. HP: 15/15 MP: 3/3
   102 | D:1      | Slain by a kobold

Vault maps used:
D:1:      minmay_arrival_hallway

Skill      XL: |  1 |
---------------+----+-----
Transmutations | 3 |  3.1
Fighting       | |  1.1
Dodging        | |  2.9
Unarmed Combat | |  3.2
Spellcasting   | |  2.0

Action                   || total
-------------------------++-------
Melee: Unarmed           ||    15
       Headbutt          ||     2
 Cast: Beastly Appendage ||     3
Armor: Robe              ||     2
Dodge: Dodged            ||    13

Table legend:
 A = Spawn XP
 B = Non-spawn XP
 C = Spawn XP percentage of total XP
 D = Spawn monster count
 E = Non-spawn monster count
 F = Spawn count percentage of total count
 G = Total turns spent on level
                    A         B        C        D         E        F      G
               +---------+---------+-------+---------+---------+-------+---------
         Total |       0 |       7 |   0.0 |       0 |       5 |   0.0 |   102
               +---------+---------+-------+---------+---------+-------+---------
           D:1 |       0 |       7 |   0.0 |       0 |       5 |   0.0 |   102
               +---------+---------+-------+---------+---------+-------+---------
